Map: Winter Madness LE

Players

SCIInewby - Winner!

  • Race: Zerg Zerg
  • League: Master
  • Spawn Location: 11:00

Koshak

  • Race: Zerg Zerg
  • League: Gold
  • Spawn Location: 5:00

VOD

Have the link to the VOD?

Description

Time

  • Played on: Feb. 6, 2026, 3:12 p.m.
  • Length: 14:50
Show
View Real Time Build Order
Export as new Build Order

SCIInewby Zerg - Winner!

Build Orders: Hatch First 

Get SALT Encoding   

  12  0:01  Drone  
  13  0:10  Drone  
  14  0:15  Extractor  
  14  0:16  Drone  
  15  0:22  Overlord  
  15  0:41  Drone x2  
  17  0:54  Hatchery  
  16  0:57  Drone  
  16  1:02  Drone  
  18  1:13  Spawning Pool  
  18  1:18  Drone, Extractor  
  18  1:22  Drone  
  18  1:37  Drone  
  18  1:38  Extractor  
  18  1:40  Drone  
  19  1:53  Drone  
  20  2:00  Drone  
  21  2:05  Queen  
  21  2:07  Queen  
  25  2:10  Drone  
  26  2:16  Drone  
  26  2:20  Drone  
  28  2:25  Spore Crawler  
  28  2:28  Spine Crawler  
  26  2:36  Zergling x6  
  23  2:51  Drone  
  23  2:52  Drone  
  25  2:59  Drone  
  26  3:09  Drone  
  27  3:13  Spore Crawler  
  26  3:21  Spine Crawler  
  26  3:27  Overlord  
  25  3:44  Drone  
  25  3:46  Roach Warren  
  24  4:09  Zergling x2  
  25  4:10  Zergling x8  
  25  4:15  Drone  
  25  4:16  Drone  
  31  4:26  Drone x2  
  31  4:28  Drone  
  34  4:38  Drone  
  35  4:45  Evolution Chamber  
  34  4:56  Lair  
  34  5:16  Drone  
  34  5:17  Overlord x4  
  28  5:33  Roach x3  
  34  5:36  Drone  
  34  5:37  Drone  
  34  5:38  Drone  
  37  5:44  Extractor  
  37  5:45  Drone, Extractor  
  36  5:51  Zerg Missile Weapons Level 1  
  36  6:03  Drone  
  37  6:04  Spire  
  37  6:06  Drone  
  37  6:08  Drone  
  38  6:11  Drone  
  38  6:14  Drone  
  38  6:17  Drone  
  41  6:34  Drone x6  
  41  6:35  Drone  
  48  6:43  Drone  
  48  6:45  Drone  
  50  7:04  Drone x2  
  50  7:05  Drone x2  
  54  7:13  Mutalisk  
  54  7:14  Mutalisk x4  
  64  7:27  Zergling x4  
  64  7:28  Zergling x2  
  67  7:30  Mutalisk  
  67  7:31  Hatchery  
  68  7:43  Overlord x2  
  68  8:01  Queen x2, Mutalisk x2  
  68  8:02  Mutalisk  
  78  8:06  Drone x2  
  71  8:37  Zergling x2  
  71  8:38  Zergling x22  
  83  8:54  Mutalisk x7  
  79  9:03  Mutalisk  
  79  9:04  Mutalisk x3  
  66  9:18  Mutalisk x3  
  66  9:21  Drone  
  73  9:39  Mutalisk  
  73  9:40  Mutalisk x2  
  79  9:50  Spire  
  76  9:53  Drone x3  
  71  10:09  Zergling x2  
  71  10:10  Zergling x8  
  72  10:26  Zergling x2  
  72  10:27  Zergling x4  
  75  10:42  Drone x3  
  74  11:01  Hatchery  
  74  11:02  Drone x5  
  74  11:03  Drone  
  79  11:09  Zergling x2  
  80  11:22  Zergling x4  
  69  11:33  Mutalisk  
  69  11:34  Mutalisk x2  
  69  11:39  Zergling x2  
  59  11:46  Mutalisk x2  
  53  11:56  Extractor x2  
  53  11:57  Drone  
  53  11:58  Drone  
  53  12:09  Zergling x4  
  53  12:13  Queen x2  
  59  12:23  Zergling x2  
  59  12:24  Mutalisk x2  
  59  12:35  Drone x3  
  62  12:41  Zergling x4  
  62  12:42  Zergling x2  
  62  12:43  Queen  
  67  12:48  Queen  
  67  12:49  Queen  
  70  12:52  Extractor, Mutalisk  
  70  12:53  Mutalisk, Extractor  
  70  12:58  Mutalisk, Zergling x2  
  66  12:59  Zergling x2  
  68  13:06  Mutalisk  
  68  13:07  Zergling x4  
  69  13:25  Drone x3  
  69  13:26  Drone x7  
  79  13:38  Mutalisk  
  79  13:39  Mutalisk  
  83  14:02  Hatchery  
  82  14:03  Mutalisk  
  82  14:04  Mutalisk  
  82  14:06  Roach x2  
  82  14:09  Overlord  
  90  14:10  Overlord x3  
Show
View Real Time Build Order
Export as new Build Order

Koshak Zerg 

Build Orders: Pool First 

Get SALT Encoding   

  12  0:00  Drone  
  13  0:12  Overlord  
  13  0:16  Drone  
  13  0:20  Extractor  
  13  0:23  Drone  
  15  0:38  Spawning Pool  
  15  0:42  Drone  
  15  0:45  Drone  
  16  0:53  Drone  
  17  1:12  Drone  
  17  1:14  Hatchery  
  17  1:24  Queen  
  19  1:27  Zergling x2  
  19  1:30  Zergling x2  
  21  1:33  Zergling x2  
  21  1:37  Extractor  
  21  1:39  Drone  
  22  2:02  Overlord x2  
  20  2:43  Zergling x4  
  20  2:44  Zergling x6  
  24  2:45  Queen  
  24  2:47  Metabolic Boost  
  26  2:53  Extractor  
  26  2:55  Drone x4  
  29  3:13  Drone x3  
  32  3:23  Roach Warren  
  31  3:31  Evolution Chamber  
  30  3:43  Evolution Chamber  
  30  3:45  Queen  
  27  4:14  Roach x6, Spine Crawler  
  37  4:18  Zerg Missile Weapons Level 1  
  37  4:37  Lair  
  37  4:42  Drone  
  37  4:43  Drone x2  
  40  4:53  Zerg Ground Armor Level 1  
  40  5:01  Overlord  
  40  5:07  Overlord  
  40  5:13  Overlord  
  40  5:32  Drone  
  40  5:33  Drone x5  
  46  5:45  Spire  
  46  5:47  Drone  
  46  5:50  Drone  
  46  5:52  Drone  
  46  5:56  Drone  
  49  6:08  Drone x5  
  54  6:15  Extractor  
  54  6:18  Extractor  
  52  6:27  Hatchery  
  52  6:31  Drone  
  52  6:32  Drone x2  
  54  6:34  Drone x2  
  54  6:36  Drone  
  57  6:43  Glial Reconstitution  
  57  6:51  Roach  
  57  6:53  Overlord x2  
  59  6:54  Overlord  
  59  6:59  Zerg Flyer Weapons Level 1  
  59  7:04  Zerg Missile Weapons Level 2  
  59  7:27  Pneumatized Carapace  
  59  7:40  Roach  
  59  7:41  Roach x11  
  83  7:49  Zerg Ground Armor Level 2  
  83  7:56  Queen  
  68  8:43  Spore Crawler  
  68  8:44  Spore Crawler x2  
  68  8:45  Spore Crawler x2  
  68  8:46  Spore Crawler  
  68  8:48  Spore Crawler  
  61  8:49  Spore Crawler  
  45  9:26  Hydralisk Den  
  18  10:14  Hydralisk x7  
  20  10:15  Hydralisk x2  
  38  10:27  Muscular Augments  
  28  10:59  Hydralisk x3  
  32  11:19  Infestation Pit  
  31  11:31  Grooved Spines  
  13  11:49  Hydralisk x3  
  19  12:07  Queen  
  21  12:41  Hydralisk x2  
  20  13:19  Hydralisk x2  
  22  14:05  Drone  
  22  14:06  Drone x4  
Tags
 
Add a new tag
Caveats
  • Supply blocks, unpowered buildings, or Contaminate may cause inaccurate times.
  • Supply counts are checked every 10 seconds.